 Dungeon Sprint DCSS version 0.20-a0-269-g17f5411 (webtiles) character file.

16051 Faca the Severer (level 12, 0/122 HPs)
             Began as a Hill Orc Fighter on Dec 8, 2016.
             Was the Champion of Beogh.
             Slain by a rakshasa (illusionary)
             ... wielding a +0 whip
              (11 damage)
             ... in the Dungeon (Sprint IX: "|||||||||||||||||||||||||||||").
             The game lasted 00:23:18 (3261 turns).

Faca the Severer (Hill Orc Fighter)                 Turns: 3261, Time: 00:23:18

Health: 0/122      AC: 26    Str: 27    XL:     12   Next: 33%
Magic:  14/14      EV:  7    Int:  8    God:    Beogh [******]
Gold:   1780       SH: 22    Dex: 20    Spells: 11/11 levels left

rFire  . . .     SeeInvis .     s - +2 long sword "Iliply" {vamp, rPois Dex+4}
rCold  . . .     Gourm    .     F - +1 plate armour {rPois}
rNeg   . . .     Faith    .     I - +1 large shield
rPois  +         Spirit   .     r - +0 helmet
rElec  .         Reflect  .     x - +1 cloak
rCorr  .         Harm     .     G - +0 pair of gloves {Dex+3}
MR     .....     NoTele   +     H - +1 pair of boots
Stlth  ..........               (no amulet)
                                u - +3 ring of strength
                                t - +3 ring of dexterity

@: no status effects
A: walk on water
a: Smiting, Recall Orcish Followers, Give Item to Named Follower, Resurrection,
Renounce Religion


You were in the Dungeon.
You worshipped Beogh.
Beogh was exalted by your worship.
You were not hungry.

You visited 1 branch You collected 1780 gold pieces.

Inventory:

Hand Weapons
 p - a +3 war axe of chopping
 s - the +2 long sword "Iliply" (weapon) {vamp, rPois Dex+4}
   (You found it in the Dungeon)

   It inflicts no extra harm, but heals its wielder when it wounds a living foe.
   It affects your dexterity (+4).
   It protects you from poison.
 B - a +2 morningstar of protection
Armour
 r - a +0 helmet (worn)
 x - a +1 cloak (worn)
 F - a +1 plate armour of poison resistance (worn)
 G - a +0 pair of gloves of dexterity (worn)
 H - a +1 pair of boots (worn)
 I - a +1 large shield (worn)
Jewellery
 t - a +3 ring of dexterity (left hand)
 u - a +3 ring of strength (right hand)
Wands
 o - a wand of iceblast (7/15)
Scrolls
 k - 5 scrolls of blinking
 m - 4 scrolls of remove curse
 n - 2 scrolls of amnesia
 y - a scroll of fog
 z - 4 scrolls of fear
 A - a scroll of recharging
Potions
 a - a potion of resistance
 b - 3 potions of agility
 d - a potion of might
 e - 5 potions of curing
 h - a potion of haste
 i - 4 potions of magic
 j - 2 potions of berserk rage
 l - a potion of invisibility
 w - 2 potions of brilliance
Comestibles
 f - 13 bread rations
 C - 35 fruits
 D - 11 meat rations


   Skills:
 + Level 16.0 Fighting
 + Level 9.1 Long Blades
 + Level 16.5(18.7) Axes
 + Level 13.4(15.7) Maces & Flails
 + Level 14.3 Armour
 + Level 1.4 Dodging
 + Level 5.2 Stealth
 + Level 14.3 Shields
 + Level 3.6 Invocations


You had 11 spell levels left.
You didn't know any spells.

Dungeon Overview and Level Annotations

Branches:
Dungeon (1/1)

Altars:
Cheibriados
Dithmenos
Elyvilon
Fedhas
Gozag
Hepliaklqana
Kikubaaqudgha
Makhleb
Nemelex Xobeh
Okawaru
Qazlal
Ru
Sif Muna
Trog
Uskayaw
Vehumet
Xom
Yredelemnul
Zin
The Shining One
Beogh
Jiyva
Lugonu

Shops:
D *?}[


Message History

You hit the rakshasa but do no damage.
The rakshasa is moderately wounded.
The rakshasa weaves an illusion.
The rakshasa shimmers and seems to become two!
You block the rakshasa's attack.
You hit the rakshasa but do no damage.
The rakshasa is moderately wounded.
You block the rakshasa's attack.
The rakshasa blinks!
You hit the rakshasa.
The rakshasa is lightly wounded.
The rakshasa hits you from afar with a trident!
* * * LOW HITPOINT WARNING * * *
The rakshasa blinks!
You block the rakshasa's attack.
You hit the rakshasa.
The rakshasa is lightly wounded.
The rakshasa blinks!
You block the rakshasa's attack.
You completely miss the rakshasa.
The rakshasa is lightly wounded.
You block the rakshasa's attack. The rakshasa hits you with a whip!
You die...

▓.▓.▓.▓.▓'▓.▓.▓
▓.▓.▓)▓.▓.▓.▓.▓
▓.▓.▓∩▓.▓.▓.▓.▓
▓.▓.▓.▓.▓.▓.▓'▓
▓R▓.▓∩▓.▓(▓.▓.▓
▓R▓.▓)▓.▓÷▓.▓.▓
▓R▓.▓∩▓.▓.▓.▓)▓
▓)▓.▓.▓.▓.▓.▓.▓
▓@▓.▓∩▓.▓.▓.▓[▓
▓R▓.▓.▓.▓.▓.▓)▓
▓R▓.▓)▓.▓.▓.▓|▓
▓R▓.▓.▓.▓.▓.▓.▓
▓'▓.▓)▓.▓.▓.▓.▓
▓[▓.▓)▓.▓'▓.▓'▓
▓.▓.▓[▓.▓.▓.▓.▓
▓.▓.▓)▓.▓.▓.▓_▓
▓.▓.▓)▓.▓.▓.▓_▓


You could see 6 rakshasas.

Vanquished Creatures
  An ettin (D)
  A hydra (D)
  3 catoblepae (D)
  A death knight (D)
  2 tengu warriors (D)
  4 death yaks (D)
  2 hill giants (D)
  2 ugly things (D)
  A wolf spider (D)
  5 orc sorcerers (D)
  A spiny frog (D)
  A komodo dragon (D)
  A hippogriff (D)
  A blink frog (D)
  A dream sheep (D)
  4 yaks (D)
  A vampire (D)
  2 basilisks (D)
  3 water moccasins (D)
  3 porcupines (D)
  A black bear (shapeshifter) (D)
  2 orc warriors (D)
  2 necrophages (D)
  2 crocodiles (D)
  5 bullfrogs (D)
  4 crimson imps (D)
  An orc priest (D)
  5 orc wizards (D)
  An adder zombie (D)
  An orc (D)
  A ball python (D)
  A bat skeleton (D)
  2 giant cockroaches (D)
  A hobgoblin (D)
  A leopard gecko zombie (D)
  A quokka zombie (D)
  2 rats (D)
73 creatures vanquished.

Vanquished Creatures (collateral kills)
  An orc knight (D)
  3 orc warriors (D)
  An orc wizard (D)
  An orc (D)
6 creatures vanquished.

Vanquished Creatures (others)
  An orc knight (D)
  2 orc sorcerers (D)
  6 orc warriors (D)
  4 orc priests (D)
  5 orc wizards (D)
  4 orcs (D)
22 creatures vanquished.

Grand Total: 101 creatures vanquished

Notes
Turn   | Place    | Note
-------+----------+-------------------------------------------
     0 | D        | Faca the Hill Orc Fighter began the quest for the Orb.
     0 | D        | Reached XP level 1. HP: 19/19 MP: 1/1
    23 | D        | Noticed a crimson imp
    24 | D        | Reached XP level 2. HP: 27/28 MP: 2/2
    47 | D        | Found a roughly hewn altar of Beogh.
    47 | D        | Found a snail-covered altar of Cheibriados.
    47 | D        | Found a shadowy altar of Dithmenos.
    47 | D        | Found a white marble altar of Elyvilon.
    47 | D        | Found a blossoming altar of Fedhas.
    47 | D        | Found an opulent altar of Gozag.
    48 | D        | Found a hazy altar of Hepliaklqana.
    49 | D        | Found a viscous altar of Jiyva.
    50 | D        | Found an ancient bone altar of Kikubaaqudgha.
    51 | D        | Found a corrupted altar of Lugonu.
    54 | D        | Became a worshipper of Beogh the Brigand
    57 | D        | Killed a crimson imp
    57 | D        | Reached skill level 5 in Fighting
    57 | D        | Reached skill level 5 in Armour
    57 | D        | Reached skill level 5 in Shields
    57 | D        | Reached XP level 3. HP: 36/36 MP: 3/3
    61 | D        | Found a burning altar of Makhleb.
    62 | D        | Found a sparkling altar of Nemelex Xobeh.
    63 | D        | Found an iron altar of Okawaru.
    64 | D        | Found a stormy altar of Qazlal.
    65 | D        | Found a sacrificial altar of Ru.
    66 | D        | Found a deep blue altar of Sif Muna.
    67 | D        | Found a bloodstained altar of Trog.
    68 | D        | Found a hide-covered altar of Uskayaw.
    69 | D        | Found a radiant altar of Vehumet.
    70 | D        | Found a shimmering altar of Xom.
    71 | D        | Found a basalt altar of Yredelemnul.
    72 | D        | Found a glowing silver altar of Zin.
    73 | D        | Found a glowing golden altar of the Shining One.
   137 | D        | Noticed a bullfrog
   137 | D        | Noticed a bullfrog
   137 | D        | Noticed a crocodile
   137 | D        | Noticed a necrophage
   137 | D        | Noticed a bullfrog
   139 | D        | Killed a bullfrog
   139 | D        | Reached XP level 4. HP: 45/45 MP: 4/4
   146 | D        | Killed a necrophage
   146 | D        | Reached * piety under Beogh
   146 | D        | Reached XP level 5. HP: 49/53 MP: 5/5
   152 | D        | Killed a crocodile
   152 | D        | Reached XP level 6. HP: 29/62 MP: 6/6
   156 | D        | Reached ** piety under Beogh
   156 | D        | Reached skill level 10 in Axes
   164 | D        | Reached XP level 7. HP: 31/70 MP: 7/7
   359 | D        | Noticed a yak
   367 | D        | Reached *** piety under Beogh
   369 | D        | Reached skill level 10 in Fighting
   378 | D        | Killed a yak
   378 | D        | Reached **** piety under Beogh
   378 | D        | Reached skill level 1 in Dodging
   559 | D        | Noticed a hippogriff
   559 | D        | Noticed a yak
   563 | D        | Noticed a basilisk
   567 | D        | Reached XP level 8. HP: 80/80 MP: 8/8
   573 | D        | Noticed an eight-headed hydra
   585 | D        | Reached ***** piety under Beogh
   593 | D        | Killed a yak
   593 | D        | Reached skill level 1 in Invocations
   597 | D        | Killed a hippogriff
   597 | D        | Reached skill level 10 in Shields
   714 | D        | Killed an eight-headed hydra
   714 | D        | Reached skill level 15 in Axes
   714 | D        | Reached skill level 10 in Armour
   714 | D        | Reached skill level 1 in Stealth
   714 | D        | Reached XP level 9. HP: 30/89 MP: 8/10
   719 | D        | Reached skill level 1 in Maces & Flails
  1076 | D        | Noticed a komodo dragon
  1076 | D        | Noticed a spiny frog
  1076 | D        | Noticed a death yak
  1083 | D        | Killed a death yak
  1089 | D        | Killed a spiny frog
  1089 | D        | Reached XP level 10. HP: 87/100 MP: 11/11
  1092 | D        | Reached ****** piety under Beogh
  1117 | D        | Reached skill level 5 in Maces & Flails
  1252 | D        | Noticed a catoblepas
  1252 | D        | Noticed a death yak
  1252 | D        | Noticed a catoblepas
  1252 | D        | Noticed a death yak
  1257 | D        | Noticed a death yak
  1262 | D        | Killed a death yak
  1288 | D        | Killed a catoblepas
  1305 | D        | Noticed a catoblepas
  1468 | D        | Killed a death yak
  1468 | D        | Reached skill level 10 in Maces & Flails
  1483 | D        | Killed a catoblepas
  1483 | D        | Reached XP level 11. HP: 52/111 MP: 12/12
  1496 | D        | Killed a death yak
  1795 | D        | Killed a catoblepas
  2225 | D        | Noticed an orc knight
  2225 | D        | Noticed an orc knight
  2234 | D        | Killed an orc knight
  2248 | D        | Reached skill level 15 in Fighting
  2279 | D        | Found Plog's Antique Armour Boutique.
  2279 | D        | Noticed an orc sorcerer
  2279 | D        | Noticed an orc sorcerer
  2279 | D        | Noticed an orc sorcerer
  2281 | D        | Noticed an orc sorcerer
  2288 | D        | Noticed a soul eater
  2293 | D        | Killed an orc sorcerer
  2293 | D        | Reached skill level 5 in Stealth
  2325 | D        | Killed an orc sorcerer
  2332 | D        | Killed an orc sorcerer
  2342 | D        | Found Riduth's Gadget Shop.
  2519 | D        | Found Qug Lole's Magic Scroll Boutique.
  2523 | D        | Found Xadypse's General Store.
  2524 | D        | Noticed an orc sorcerer
  2525 | D        | Noticed an orc sorcerer
  2527 | D        | Noticed an orc sorcerer
  2528 | D        | Killed an orc sorcerer
  2537 | D        | Killed an orc sorcerer
  2820 | D        | Got the +2 long sword "Iliply" {vamp, rPois Dex+4}
  2901 | D        | Noticed a hill giant
  2901 | D        | Noticed a wolf spider
  2901 | D        | Noticed a death knight
  2918 | D        | Noticed a green ugly thing
  2963 | D        | Killed a death knight
  2969 | D        | Killed a wolf spider
  2975 | D        | Killed a hill giant
  2985 | D        | Killed a green ugly thing
  2985 | D        | Reached skill level 5 in Long Blades
  2985 | D        | Reached XP level 12. HP: 101/122 MP: 14/14
  2988 | D        | Noticed an ettin
  2995 | D        | Noticed a rakshasa
  2999 | D        | Noticed a tengu warrior
  3001 | D        | Noticed a rakshasa
  3002 | D        | Killed an ettin
  3045 | D        | Noticed a tengu warrior
  3048 | D        | Noticed a tengu warrior
  3050 | D        | Noticed a tengu warrior
  3050 | D        | Killed a tengu warrior
  3078 | D        | Noticed a tengu warrior
  3178 | D        | Killed a tengu warrior
  3261 | D        | Slain by a rakshasa (illusionary)

Vault maps used:
D:        linesprint

Skill      XL: |  1  2  3  4  5  6  7  8  9 10 11 12 |
---------------+-------------------------------------+-----
Fighting       | 4 5 6 7 8 9 10 12 13 14 15 16 | 16.0
Shields        | 4 5 6 7 8 9 10 11 12 13 14 | 14.3
Axes           | 4 6 8 10 13 15 16 | 16.5
Armour         | 5 6 7 8 10 11 12 14 | 14.3
Dodging        | 1 |  1.4
Invocations    | 1 2 3 |  3.6
Stealth        | 1 3 5 |  5.2
Maces & Flails | 3 10 13 | 13.4
Long Blades    | 5 9 |  9.1

Action                   |  1- 3 |  4- 6 |  7- 9 | 10-12 || total
-------------------------+-------+-------+-------+-------++-------
Melee: War axe           |    34 |    20 |    54 |       ||   108
       Morningstar       |       |       |    26 |   173 ||   199
       Long sword        |       |       |       |   326 ||   326
Invok: Smiting           |       |       |     1 |     3 ||     4
       Recall Orcish Fol |       |       |       |     1 ||     1
  Use: Potion            |       |       |       |     8 ||     8
       Scroll            |       |       |       |     1 ||     1
 Stab: Petrified         |       |       |       |     6 ||     6
       Petrifying        |       |       |       |     1 ||     1
  Eat: Bread ration      |       |       |     1 |       ||     1
       Fruit             |       |       |       |     5 ||     5
       Meat ration       |       |       |       |     1 ||     1
Armor: Scale mail        |    13 |       |       |       ||    13
       Plate armour      |     1 |     7 |    33 |   271 ||   312
Dodge: Dodged            |     7 |     2 |    17 |    97 ||   123
Block: Shield            |    22 |     7 |    45 |    52 ||   126
       Large shield      |       |       |       |   459 ||   459
       Rpst.: Long sword |       |       |       |    12 ||    12
